Map: [ESL] Hard Lead

Players

Nanami - Winner!

  • Race: Protoss Protoss
  • Spawn Location: 11:00

Coffee

  • Race: Terran Terran
  • Spawn Location: 5:00

Event: ESL SC2 Masters 2023 Winter (Regional)

VOD

Have the link to the VOD?

Description

Time

  • Played on: Nov. 2, 2023, 8:03 a.m.
  • Length: 18:32

All games in this series

Show
View Real Time Build Order
Export as new Build Order

Nanami Protoss - Winner!

Build Orders: 1 Gate Expand, Blink Stalkers 

Get SALT Encoding   

  12  0:00  Probe  
  13  0:12  Probe  
  14  0:17  Pylon  
  14  0:24  Probe (Chrono Boost)  
  16  0:36  Gateway, Probe (Chrono Boost)  
  16  0:43  Probe (Chrono Boost)  
  16  0:45  Assimilator  
  17  0:51  Probe  
  18  1:03  Probe  
  19  1:15  Probe  
  20  1:24  Cybernetics Core  
  20  1:32  Nexus  
  20  1:34  Probe  
  20  1:39  Pylon  
  21  1:44  Assimilator  
  21  1:48  Probe  
  22  1:57  Adept (Chrono Boost)  
  22  2:00  Warp Gate, Probe  
  25  2:12  Probe  
  26  2:15  Twilight Council  
  26  2:22  Stalker (Chrono Boost)  
  26  2:24  Probe  
  29  2:36  Probe  
  30  2:45  Probe  
  30  2:46  Blink (Chrono Boost)  
  31  2:52  Probe  
  32  2:59  Probe  
  32  3:00  Gateway  
  32  3:04  Probe  
  34  3:11  Probe  
  35  3:14  Robotics Facility  
  35  3:16  Probe  
  36  3:24  Probe  
  37  3:28  Probe  
  38  3:36  Probe  
  38  3:40  Probe  
  40  3:42  Pylon  
  41  3:49  Stalker  
  41  3:53  Probe  
  43  3:56  Nexus, Stalker, Probe  
  43  4:01  Pylon  
  46  4:03  Observer  
  46  4:05  Probe  
  46  4:09  Probe  
  49  4:12  Assimilator  
  49  4:16  Pylon  
  49  4:17  Stalker, Probe  
  49  4:21  Stalker  
  53  4:30  Probe (Chrono Boost)  
  52  4:31  Probe (Chrono Boost)  
  34  4:41  Stalker  
  34  4:42  Probe (Chrono Boost)  
  38  4:48  Probe (Chrono Boost)  
  38  4:50  Probe (Chrono Boost)  
  39  4:55  Probe (Chrono Boost)  
  39  4:57  Probe (Chrono Boost)  
  42  5:09  Probe (Chrono Boost)  
  42  5:10  Forge  
  42  5:12  Probe x2 (Chrono Boost)  
  42  5:13  Observer  
  45  5:17  Probe (Chrono Boost)  
  45  5:18  Charge  
  45  5:20  Probe x2 (Chrono Boost)  
  48  5:24  Gateway  
  48  5:28  Gateway, Probe (Chrono Boost)  
  50  5:29  Probe (Chrono Boost)  
  50  5:31  Probe (Chrono Boost)  
  50  5:35  Probe  
  52  5:36  Probe  
  52  5:39  Protoss Ground Weapons Level 1 (Chrono Boost)  
  52  5:41  Probe  
  54  5:47  Probe  
  54  5:48  Probe  
  56  5:54  Sentry  
  56  5:55  Probe (Chrono Boost)  
  56  5:56  Gateway x2  
  59  5:59  Probe (Chrono Boost)  
  61  6:04  Gateway  
  61  6:07  Probe (Chrono Boost)  
  61  6:09  Gateway  
  61  6:10  Probe (Chrono Boost)  
  62  6:12  Probe (Chrono Boost)  
  62  6:18  Probe  
  65  6:20  Sentry x2  
  65  6:22  Stalker x2  
  65  6:25  Probe x2  
  74  6:31  Shield Battery  
  74  6:34  Shield Battery  
  74  6:39  Pylon  
  77  6:41  Immortal  
  77  6:43  Probe x2  
  77  6:45  Probe  
  81  6:50  Zealot x2  
  85  6:54  Pylon  
  88  7:01  Pylon  
  88  7:02  Pylon  
  88  7:05  Stalker x3  
  91  7:11  Stalker  
  91  7:13  Stalker  
  92  7:21  Stalker x2  
  96  7:28  Stalker  
  92  7:35  Probe x2  
  94  7:37  Zealot x3  
  100  7:45  Zealot x3  
  104  7:56  Zealot x2  
  92  7:58  Zealot x3  
  98  8:06  Immortal (Chrono Boost)  
  98  8:09  Zealot  
  98  8:10  Shield Battery, Pylon  
  104  8:14  Zealot x2  
  92  8:21  Zealot  
  92  8:22  Zealot x2  
  92  8:24  Zealot  
  76  8:29  Stalker  
  72  8:36  Zealot x2  
  73  8:43  Stalker x3  
  73  8:47  Zealot  
  72  8:51  Probe x3  
  72  8:54  Assimilator  
  72  8:55  Observer  
  75  9:03  Sentry x3  
  75  9:09  Stalker  
  81  9:10  Zealot x3  
  87  9:23  Protoss Ground Weapons Level 2 (Chrono Boost)  
  87  9:27  Zealot x3  
  95  9:35  Assimilator  
  95  9:36  Pylon  
  95  9:38  Zealot x4  
  99  9:48  Stalker x3  
  99  10:01  Zealot x4  
  99  10:03  Immortal  
  103  10:07  Observer  
  103  10:09  Probe x2  
  103  10:11  Zealot x3  
  99  10:24  Gateway  
  99  10:27  Stalker x3  
  99  10:28  Stalker  
  95  10:38  Observer  
  84  10:43  Stalker x3  
  90  10:53  Observer (Chrono Boost)  
  91  10:59  Nexus  
  91  11:01  Pylon  
  91  11:03  Zealot x4, Robotics Bay  
  99  11:06  Probe x3  
  102  11:14  Observer (Chrono Boost)  
  102  11:18  Probe  
  104  11:19  Pylon  
  104  11:20  Sentry  
  104  11:25  Protoss Ground Armor Level 1 (Chrono Boost)  
  106  11:28  Probe x2  
  106  11:30  Probe  
  109  11:34  Zealot x5  
  109  11:35  Zealot  
  119  11:40  Shield Battery  
  119  11:43  Zealot  
  115  11:47  Colossus (Chrono Boost)  
  115  11:49  Zealot  
  123  12:01  Extended Thermal Lance  
  123  12:04  Zealot x3, Shield Battery  
  123  12:06  Zealot  
  131  12:12  Photon Cannon  
  121  12:29  Colossus (Chrono Boost)  
  127  12:30  Pylon  
  127  12:43  Stalker x4  
  135  12:50  Zealot x2  
  135  12:51  Zealot x2  
  129  13:03  Nexus  
  121  13:13  Colossus (Chrono Boost)  
  121  13:16  Observer  
  121  13:18  Probe, Pylon  
  121  13:19  Probe  
  129  13:21  Pylon  
  129  13:23  Photon Cannon  
  129  13:32  Probe x2  
  129  13:33  Protoss Ground Weapons Level 3 (Chrono Boost)  
  131  13:35  Probe  
  132  13:44  Probe  
  132  13:47  Zealot x3  
  132  13:48  Zealot x2  
  143  13:51  Colossus (Chrono Boost)  
  143  13:55  Observer  
  143  14:12  Stalker  
  143  14:13  Stalker  
  143  14:14  Zealot x4  
  151  14:32  Zealot x2  
  151  14:34  Warp Prism (Chrono Boost)  
  153  14:49  Nexus  
  153  14:52  Pylon x2  
  145  14:53  Stalker x4  
  151  15:15  Stalker x4  
  151  15:18  Observer  
  151  15:20  Colossus (Chrono Boost)  
  159  15:23  Zealot x4  
  159  15:25  Pylon  
  173  15:39  Pylon  
  173  15:41  Gateway  
  173  15:42  Gateway  
  173  15:54  Gateway  
  173  15:57  Stalker x4  
  173  15:58  Gateway  
  173  15:59  Zealot x2  
  173  16:00  Zealot  
  173  16:01  Zealot  
  93  16:21  Stalker x6  
  93  16:24  Zealot x2  
  101  16:36  Zealot  
  103  16:40  Zealot  
  103  16:44  Zealot x7  
  103  16:45  Stalker  
  121  16:50  Zealot  
  105  16:55  Zealot  
  105  17:01  Zealot x2  
  99  17:05  Zealot x6  
  103  17:12  Zealot  
  103  17:13  Zealot x2  
  101  17:31  Stalker x5  
  101  17:32  Zealot x2  
  101  17:35  Zealot  
  115  17:43  Zealot x3  
  107  17:49  Zealot  
  97  17:57  Zealot x6  
  107  18:02  Observer  
  104  18:08  Stalker x4  
  106  18:16  Zealot x2  
  102  18:21  Zealot x4  
  102  18:25  Zealot x2  
Show
View Real Time Build Order
Export as new Build Order

Coffee Terran 

Build Orders: Gas First Reaper Expand 

Get SALT Encoding   

  12  0:00  SCV  
  13  0:12  SCV  
  14  0:16  Supply Depot  
  14  0:24  SCV  
  14  0:28  Refinery  
  15  0:38  SCV  
  16  0:44  Barracks  
  16  0:50  SCV  
  17  1:02  SCV  
  18  1:14  SCV  
  19  1:31  Orbital Command, Reaper  
  20  1:41  Command Center  
  20  1:52  Factory  
  20  1:57  SCV  
  21  2:06  Barracks Reactor  
  21  2:07  Supply Depot  
  21  2:09  SCV  
  21  2:13  Refinery  
  22  2:21  SCV  
  23  2:34  SCV  
  24  2:41  Starport  
  24  2:46  Widow Mine, SCV  
  24  2:47  Marine x2  
  29  2:53  Orbital Command  
  29  2:58  SCV  
  30  3:05  Marine x2  
  30  3:08  Widow Mine  
  34  3:13  Orbital Command  
  34  3:14  SCV  
  34  3:17  Medivac  
  37  3:22  Supply Depot  
  37  3:23  Marine x2  
  37  3:26  SCV  
  40  3:31  Factory Tech Lab  
  40  3:39  SCV  
  41  3:44  Marine x2, SCV  
  44  3:50  Siege Tank  
  44  3:51  SCV  
  48  3:56  Supply Depot, SCV  
  48  4:00  Liberator  
  52  4:03  SCV  
  53  4:10  Supply Depot  
  53  4:12  Barracks  
  53  4:17  Marine x2  
  52  4:34  SCV x2  
  52  4:35  Marine x2  
  53  4:38  Engineering Bay  
  51  4:45  Siege Tank  
  51  4:46  SCV x2  
  56  4:58  SCV, Marine x2  
  56  4:59  SCV  
  58  5:00  Barracks Tech Lab  
  58  5:02  Barracks  
  58  5:06  Terran Infantry Weapons Level 1  
  56  5:07  Refinery  
  56  5:11  SCV x2  
  56  5:12  Bunker, Supply Depot  
  58  5:19  Marine x2  
  58  5:20  Stimpack, Marine  
  61  5:24  Starport Tech Lab  
  61  5:25  SCV x2  
  63  5:29  Refinery  
  63  5:34  Siege Tank, Supply Depot  
  66  5:42  Missile Turret  
  65  5:43  SCV x2, Supply Depot  
  65  5:47  Marine x2  
  65  5:48  Marine  
  70  5:55  SCV x2, Supply Depot  
  72  5:59  Starport Reactor  
  72  6:01  Combat Shield  
  72  6:02  Marine  
  73  6:08  Marine  
  73  6:09  Siege Tank, Marine x2  
  73  6:10  Supply Depot  
  81  6:18  Supply Depot  
  81  6:20  Supply Depot  
  79  6:27  Marauder x2  
  79  6:28  Marine x2  
  85  6:34  Barracks  
  85  6:35  Barracks, Medivac x2  
  89  6:41  Siege Tank  
  92  6:48  Marine x2  
  92  6:49  Marauder x2  
  92  6:52  Supply Depot  
  98  7:08  Marine x2  
  98  7:10  Marauder  
  98  7:13  Medivac  
  98  7:14  Medivac  
  108  7:19  Concussive Shells  
  108  7:25  Marine x2  
  108  7:26  Barracks Tech Lab  
  108  7:31  Marine x2  
  108  7:33  Terran Infantry Armor Level 1  
  108  7:35  Factory Reactor  
  108  7:36  Marauder  
  108  7:37  Command Center  
  109  7:46  Barracks Reactor, Barracks Tech Lab  
  104  7:55  Marine x2, Marauder  
  97  7:59  Marauder  
  99  8:09  Marine  
  100  8:13  Marine x2  
  100  8:15  Marine  
  87  8:21  Marauder  
  78  8:27  Marine  
  78  8:28  Marine  
  78  8:31  Marine  
  78  8:33  SCV  
  75  8:38  Marine x2  
  74  8:43  Marine x2  
  58  8:48  SCV  
  58  8:49  SCV  
  59  8:56  Widow Mine  
  59  8:58  Widow Mine  
  59  9:02  SCV x2  
  65  9:13  Marine x4  
  65  9:14  SCV x2  
  71  9:25  Orbital Command  
  71  9:27  Widow Mine x2  
  71  9:28  SCV  
  71  9:30  Marine  
  77  9:33  SCV  
  78  9:40  SCV  
  78  9:42  Marauder  
  78  9:45  SCV  
  82  9:51  Widow Mine x2  
  82  9:52  Marauder  
  88  9:53  Marine x2  
  88  9:54  SCV  
  86  10:04  Marauder x2  
  80  10:10  Medivac x2  
  80  10:13  SCV x2  
  81  10:19  Marauder  
  81  10:20  Marine x2  
  80  10:22  SCV  
  80  10:25  SCV  
  80  10:26  Marauder  
  83  10:28  Marauder  
  83  10:31  Widow Mine  
  83  10:40  Marauder  
  77  10:43  Marine x3  
  77  10:49  Armory  
  78  10:51  Marauder x2  
  78  10:55  Medivac x2  
  86  11:00  Orbital Command  
  86  11:05  SCV x2  
  88  11:12  Marine x4  
  88  11:13  Widow Mine x2  
  88  11:17  Marauder, SCV x2  
  100  11:25  Marauder  
  102  11:26  SCV  
  102  11:29  SCV x2  
  105  11:38  Marine x4  
  109  11:48  Marauder x2  
  109  11:49  SCV x2, Widow Mine x2  
  119  11:54  Terran Infantry Weapons Level 2  
  119  11:57  Ghost Academy  
  119  12:03  SCV  
  110  12:19  Marauder x2  
  110  12:20  SCV x2  
  116  12:24  Marine x4  
  120  12:32  Viking  
  120  12:36  SCV x2  
  124  12:39  Marauder  
  126  12:46  Refinery x2  
  111  13:01  Viking  
  111  13:02  Viking, Marine x2  
  111  13:03  Marine x2  
  119  13:08  Ghost x2  
  123  13:14  Ghost  
  125  13:20  Widow Mine x2  
  125  13:24  Marine x4  
  129  13:34  Command Center  
  129  13:41  Viking x2  
  133  13:42  SCV x2  
  133  13:43  SCV  
  136  13:51  Widow Mine x2  
  136  13:54  SCV x2  
  141  14:00  Marine x2  
  141  14:01  Marauder, Marine x2  
  141  14:02  Marauder  
  149  14:03  Marauder  
  149  14:04  SCV  
  149  14:06  SCV  
  149  14:07  Supply Depot  
  146  14:10  Terran Infantry Armor Level 2  
  146  14:17  Viking  
  146  14:22  Bunker  
  146  14:23  Supply Depot  
  148  14:25  Supply Depot  
  148  14:29  Viking  
  148  14:31  Ghost x3  
  154  14:43  Supply Depot  
  154  14:45  Marine x2, Supply Depot  
  153  15:01  Ghost x3  
  159  15:08  SCV x3  
  159  15:09  Marine x4  
  159  15:10  Viking x2  
  168  15:23  SCV x3  
  169  15:34  Planetary Fortress, Sensor Tower  
  169  15:38  Marauder x2  
  169  15:39  Marauder  
  175  15:44  Sensor Tower, Missile Turret  
  172  15:59  Sensor Tower  
  172  16:02  Marauder x3  
  139  16:15  Marine x4  
  124  16:21  Liberator x2  
  124  16:23  Marauder, Widow Mine x2, Marine  
  124  16:24  Marauder  
  139  16:43  Marine x2  
  139  16:44  Marine x2  
  128  16:55  Marine, Marauder x2  
  109  17:01  Marine x3  
  109  17:03  Marine  
  109  17:07  Widow Mine x2  
  111  17:08  Medivac x2  
  111  17:13  Marauder  
  109  17:16  Marauder, Marine  
  109  17:19  Marine x3  
  109  17:21  Marine  
  105  17:34  Marauder  
  105  17:35  Widow Mine x2, Marauder  
  113  17:37  Marine x3  
  113  17:38  Medivac x2, Marauder  
  113  17:42  Marine  
  95  17:55  Marine  
  95  17:56  Marauder x2  
  95  17:58  Marine x2  
  95  17:59  Marauder, Widow Mine x2  
  97  18:12  Barracks x2, Marine x2  
  102  18:13  Barracks  
Tags
 
Add a new tag
Caveats
  • Supply blocks, unpowered buildings, or Contaminate may cause inaccurate times.
  • Supply counts are checked every 10 seconds.